 Dungeon Crawl Stone Soup version 0.31.0-1-g2c135a0 (webtiles) character file.

Game seed: 4896105481236804577

170410 mdmota the Fighter (level 18, -5/223 HPs)
             Began as a Djinni Chaos Knight on Feb 7, 2024.
             Was a Plaything of Xom.
             Slain by a +5 lajatang of holy wrath (15 damage)
             ... on level 2 of the Elven Halls on Feb 8, 2024.
             The game lasted 03:40:35 (30534 turns).

mdmota the Fighter (Djinni Chaos Knight)           Turns: 30534, Time: 03:40:38

Health: -5/223     AC: 38    Str: 21    XL:     18   Next: 62%
Gold:   2874       EV: 12    Int: 18    God:    Xom [......] SH: 33 Dex: 14

rFire   + + .        r - +10 broad axe "Horucku" {vamp, rElec Will++ rCorr Int-2}
rCold   + + .        X - +10 tower shield of Ignorance {rN+ Int-4}
rNeg    + . .        c - +10 ice dragon scales of Lust {rPois rF- rC++}
rPois   ∞            L - +1 hat {SInv}
rElec   +            b - scarf {repulsion}
rCorr   +            Q - +2 pair of gloves {hurl}
SInv    +            (boots unavailable)
Will    +++++        T - amulet of reflection Stlth
                     e - ring of Due Proportion {Wiz rC+ MP+9 Str+3 Int+4 Dex+2}
HPRegen 0.57/turn    k - +4 ring of protection
MPRegen 0.00/turn

%: repel missiles, reflection, clarity, wizardry (x1), infuse magic (-6 HP)
@: berserking, silenced, flying, very slightly contaminated, studying Dodging,
very quick
A: sickness immunity, fire resistance 3, cold vulnerability 1, float, innate
caster, HP casting, extra vitality 1, fangs 1, horns 1, iridescent scales 2,
clarity, clever 1, strong-willed 2, robust 1, shaggy fur 2, strong 1
a: Renounce Religion


You were on level 2 of the Elven Halls.
You worshipped Xom.
You were a very special plaything of Xom.
You visited 6 branches of the dungeon, and saw 27 of its levels.
You also visited: Ossuary, Bailey and Gauntlet.

You collected 3860 gold pieces.
You spent 986 gold pieces at shops.

Inventory:

Hand Weapons
 r - the +10 broad axe "Horucku" (weapon) {vamp, rElec Will++ rCorr Int-2}
   (You found it on level 2 of the Lair of Beasts)

   Int-2:     It affects your intelligence (-2).
   rElec:     It insulates you from electricity.
   Will++:    It greatly increases your willpower.
   rCorr:     It protects you from acid and corrosion.
Missiles
 C - 9 javelins
 G - 14 boomerangs (quivered)
 I - 5 atropa-tipped darts
 S - 14 silver javelins
Armour
 a - the +3 buckler of the Grand God {Int+4}
   (Xom gifted it to you on level 11 of the Dungeon)

   Int+4:     It affects your intelligence (+4).
 b - a scarf of repulsion (worn)
 c - the +10 ice dragon scales of Lust (worn) {rPois rF- rC++}
   (You took it off a spriggan in a bailey)

   rF-:       It makes you vulnerable to fire.
   rC++:      It greatly protects you from cold.
   rPois:     It protects you from poison
 h - the +3 hat of Pondering {ponderous, Will+ MP+10 Int+5}
   (You took it off Gastronok on level 3 of the Lair of Beasts)

   Int+5:     It affects your intelligence (+5).
   Will+:     It increases your willpower.
   MP+10:     It affects your magic capacity (+10).
 L - a +1 hat of see invisible (worn)
 Q - a +2 pair of gloves of hurling (worn)
 X - the +10 tower shield of Ignorance (worn) {rN+ Int-4}
   (You took it off a minotaur in a Gauntlet)

   Int-4:     It affects your intelligence (-4).
   rN+:       It protects you from negative energy.
Magical Staves
 g - the staff "Nuraetea" {rF+ rC+ Dex+3 Ice}
   (You found it on level 3 of the Elven Halls)

   [staff of cold]

   Base accuracy: +5 Base damage: 5 Base attack delay: 1.2 This weapon's minimum
   attack delay (0.6) is reached at skill level 12.
   Dex+3:     It affects your dexterity (+3).
   rF+:       It protects you from fire.
   rC+:       It protects you from cold.
   Ice:       It increases the power of your Ice spells.
   It falls into the 'Staves' category.
   It is a one-handed weapon.
Jewellery
 e - the ring of Due Proportion (left hand) {Wiz rC+ MP+9 Str+3 Int+4 Dex+2}
   (You found it in a Gauntlet)

   [ring of wizardry]

   Wiz:       It improves your spell success rate.
   Str+3:     It affects your strength (+3).
   Int+4:     It affects your intelligence (+4).
   Dex+2:     It affects your dexterity (+2).
   rC+:       It protects you from cold.
   MP+9:      It affects your magic capacity (+9).
 k - a +4 ring of protection (right hand)
 n - a ring of protection from fire
 u - the amulet "Tevuohem" {Reflect Int-5 Dex+3 SH+5}
   (You found it on level 3 of the Elven Halls)

   [amulet of reflection]

   Reflect:   It reflects blocked missile attacks.
   Int-5:     It affects your intelligence (-5).
   Dex+3:     It affects your dexterity (+3).
   SH+5:      It affects your SH (+5).
 T - an amulet of reflection (around neck)
 V - a +6 ring of intelligence
Wands
 s - a wand of mindburst (8)
 t - a wand of polymorph (18)
 A - a wand of digging (18)
 E - a wand of acid (15)
 O - a wand of iceblast (28)
 Z - a wand of paralysis (19)
Scrolls
 d - 5 scrolls of summoning
 i - 8 scrolls of teleportation
 j - 4 scrolls of fear
 m - a scroll of blinking
 q - a scroll of poison
 v - a scroll of silence
 w - 2 scrolls of enchant armour
 x - 5 scrolls of immolation
 y - 5 scrolls of vulnerability
 D - 3 scrolls of revelation
 H - 2 scrolls of fog
 W - 4 scrolls of torment
 Y - a scroll of acquirement
Potions
 f - 3 potions of mutation
 l - 8 potions of cancellation
 o - a potion of berserk rage
 p - 2 potions of lignification
 z - 3 potions of invisibility
 B - 6 potions of haste
 J - a potion of heal wounds
 K - 3 potions of brilliance
 M - a potion of resistance
 N - 2 potions of enlightenment
 P - 2 potions of ambrosia
 R - 7 potions of might
 U - 9 potions of curing


   Skills:
 * Level 14.5 Fighting
 + Level 7.5(11.1) Axes
 - Level 12.8(13.5) Maces & Flails
 + Level 3.7 Throwing
 + Level 11.0 Armour
 + Level 9.1 Dodging
 + Level 4.0 Stealth
 + Level 14.0 Shields
 * Level 9.7 Spellcasting
 * Level 9.7 Conjurations
 * Level 9.7 Hexes
 * Level 9.7 Summonings
 * Level 9.7 Necromancy
 * Level 9.7 Translocations
 * Level 9.7 Fire Magic
 * Level 9.7 Ice Magic
 * Level 9.7 Air Magic
 * Level 9.7 Earth Magic
 * Level 9.7 Alchemy
 + Level 2.1 Evocations


You knew the following spells:

 Your Spells              Type           Power      Damage    Failure   Level
a - Necrotise             Necr           100%       1d9       1%          1
b - Blink                 Tloc           86%        N/A       1%          2
c - Stone Arrow           Conj/Erth      86%        3d12      1%          3
d - Dazzling Flash        Conj/Hex       86%        N/A       1%          3
e - Silence               Hex/Air        21%        N/A       13%         5
f - Curse of Agony        Necr           43%        N/A       13%         5
g - Summon Cactus Giant   Summ           21%        N/A       54%         6
h - Malign Gateway        Summ/Tloc      21%        N/A       98%         7
Your spell library was empty.

Dungeon Overview and Level Annotations

Branches:
Dungeon (15/15)            Temple (1/1) D:5            Lair (5/5) D:11
 Shoals (0/4) Lair:3       Spider (0/4) Lair:3        Slime (0/5) Lair:5
    Orc (2/2) D:12            Elf (3/3) Orc:2        Vaults (0/5) D:14
 Depths (1/4) D:15        Ossuary (visited)          Bailey (visited)
Gauntlet (visited)

Altars:
Ashenzari
Cheibriados
Dithmenos
Elyvilon
Fedhas
Gozag
Hepliaklqana
Makhleb
Nemelex Xobeh
Okawaru
Qazlal
Ru
Trog
Uskayaw
Wu Jian
Xom
Yredelemnul
Zin
The Shining One

Shops:
D:12 [   Orc:2 [!**

Annotations:
D:13 3 runed translucent doors, Biscolet's ghost, journeyman OnWr
Elf:2 6 transporters, Asterion


Innate Abilities, Weirdness & Mutations

You are immune to sickness and miasma.
You are immune to poison.
Your flesh is almost immune to the effects of heat. (rF+++)
You are vulnerable to cold. (rC-)
You float through the air rather than walking.
You learn spells naturally, not from books.
Your magical power is your life essence.
You have superior vitality. (+4 MHP)
You have very sharp teeth.
You have a pair of small horns on your head.
You are mostly covered in iridescent scales. (AC +4)
You possess an exceptional clarity of mind.
Your mind is acute. (Int +4, Str/Dex -1)
You are highly strong-willed. (Will++)
You are robust. (+10% HP)
You are covered in thick fur. (AC +2)
Your muscles are strong. (Str +4, Int/Dex -1)


Message History

You block the Executioner's attack. x3
You block the +3 flail of protection's attack.
The Executioner hits you but does no damage. x3
The +2 glaive of venom hits you but does no damage.
The +5 lajatang of holy wrath hits you!!
* * * LOW HITPOINT WARNING * * *
The deep elf knight barely misses you.
Asterion hits you with a +1 spectral demon blade!!
* * * LOW HITPOINT WARNING * * *
The +1 spectral demon blade hits you.
* * * LOW HITPOINT WARNING * * *
Asterion gores you but does no damage.
The +3 flail of protection hits you but does no damage.
The Executioner hits you!
* * * LOW HITPOINT WARNING * * *
The Executioner hits you but does no damage. x2
The +2 glaive of venom hits you from afar.
* * * LOW HITPOINT WARNING * * *
The +5 lajatang of holy wrath hits you but does no damage.
You slash Asterion!
You feel better.
Asterion is lightly wounded.
You slash the deep elf knight!
You feel better.
You slash the Executioner!
You hit the +5 lajatang of holy wrath but do no damage.
You hit the +3 flail of protection but do no damage.
You barely miss the +1 spectral demon blade.
The Executioner hits you but does no damage. x2
You block the Executioner's attack.
You block the +3 flail of protection's attack.
You block Asterion's attack.
You block the +1 spectral demon blade's attack.
Asterion gores you but does no damage.
The deep elf knight hits you with a +0 scimitar!
* * * LOW HITPOINT WARNING * * *
The Executioner hits you!
* * * LOW HITPOINT WARNING * * *
The Executioner barely misses you.
The Executioner hits you but does no damage.
The +5 lajatang of holy wrath hits you!
You die...
Xom thinks this is hilarious!

.......#.# ####### .......#..#
#...... . ......#...# #.##### ..
#....#.e..# #.# ... #..#.....#
#.# .... #......# #.#
.....##......# #.#
....#.(#ee...#####.####
..#..(@#....##[......##
#...(H1#...##.....)..)
#...(.)).#..#########..
#..........#.# #.# ............##
#.# ............# #.# ....
###............# #.#
.....#...#..........#. #.#
....#.....#........#..#########..


You could see Asterion (fast), an Executioner (summoned, fast, unsilenced), a
deep elf knight (invisible), a deep elf pyromancer, a deep elf zephyrmancer, a
+1 spectral demon blade and 3 dancing weapons.

Vanquished Creatures
  Nikola (Elf:3)
  2 deep elf master archers (Elf:3)
  A deep elf blademaster (Elf:3)
  Kirke (Lair:4)
  Gastronok (Lair:3)
  4 deep elf sorcerers
  4 deep elf elementalists
  A quicksilver ooze (Elf:3)
  4 deep elf annihilators (Elf:3)
  2 deep elf death magi (Elf:3)
  6 deep elf demonologists
  A minotaur (Gauntlet)
  Snorg (D:11)
  A quicksilver dragon zombie (D:15)
  2 deep elf high priests (Elf:3)
  3 hydras
  A vault guard (D:14)
  Erolcha (Orc:1)
  2 catoblepae
  Harold (D:9)
  A sphinx zombie (D:15)
  The ghost of Huxoxzufuz the Blocker, a journeyman GnFi of Hepliaklqana (Lair:3)
  3 centaur warriors
  2 boulder beetles
  3 nameless horrors
  4 death yaks (Lair:5)
  3 two-headed ogres
  A death scarab (Gauntlet)
  An occultist (D:14)
  25 dancing weapons
  3 tengu warriors
  A vampire mage (D:15)
  A deep troll shaman (Lair:5)
  Urug (Lair:2)
  5 orc high priests (Orc:2)
  Sonja (Orc:1)
  18 deep elf knights
  2 skeletal warriors (D:15)
  A skyshark (Lair:3)
  A death drake (D:13)
  A pharaoh ant (Lair:3)
  A storm dragon skeleton (D:15)
  A glowing orange brain (D:13)
  3 swamp dragons (Lair:3)
  11 deep elf archers
  20 deep elf pyromancers
  A necromancer (D:15)
  2 arcanists (D:13)
  24 deep elf zephyrmancers
  A lindwurm (Lair:5)
  7 ugly things
  5 orc knights
  6 orc sorcerers
  2 moths of wrath
  4 cyclopes
  3 manticores
  13 elephants
  6 black mambas
  3 kobold blastminers
  2 gargoyles (D:14)
  10 cane toads
  2 unseen horrors
  Jeremiah (D:7)
  6 komodo dragons
  3 rime drakes
  Psyche (D:9)
  2 tengu conjurers
  A freezing wraith (D:14)
  8 hornets
  A wind drake (Lair:3)
  7 trolls
  4 polar bears
  A polar bear (shapeshifter) (Elf:1)
  28 blink frogs
  A jumping spider (Lair:3)
  A spectral black mamba (Gauntlet)
  A dream sheep (shapeshifter) (Elf:1)
  A snapping turtle (Lair:5)
  7 spriggans (Bailey)
  3 air elementals
  A slime creature (D:14)
  A shadow (D:12)
  A spriggan (shapeshifter) (D:14)
  3 wraiths
  5 wyverns
  2 water elementals
  Grum (D:11)
  2 vampires
  45 yaks
  6 hogs
  5 fire elementals
  A steam dragon (Bailey)
  9 vampire mosquitoes
  2 basilisks
  2 wargs
  An acid dragon (D:9)
  Duvessa (D:6)
  10 water moccasins
  12 orc warriors
  2 sky beasts (D:7)
  3 black bears
  2 ice beasts
  36 wolves
  10 ogres
  9 centaurs
  A phantom (D:5)
  2 kobold brigands
  7 bullfrogs
  2 gnoll sergeants (D:6)
  5 scorpions
  2 burial acolytes (Ossuary)
  8 wights
  Dowan (D:6)
  7 killer bees
  3 howler monkeys
  8 jellies
  2 bombardier beetles
  2 human zombies (Ossuary)
  23 orc priests
  3 hounds
  A gnoll bouda (D:6)
  4 iguanas
  2 sleepcaps (D:4)
  21 orc wizards
  A boggart simulacrum (D:14)
  2 mummies (Ossuary)
  12 gnolls
  3 adders
  A shadow imp (D:6)
  A white imp (D:7)
  2 ufetubi (D:6)
  3 dart slugs
  6 ribbon worms
  61 orcs
  8 endoplasms
  9 giant cockroaches
  4 goblins
  8 hobgoblins
  3 quokkas
  8 ball pythons
  7 bats
  2 frilled lizards
  2 gnoll zombies (Ossuary)
  15 kobolds
  An orc zombie (Ossuary)
  4 rats
762 creatures vanquished.

Vanquished Creatures (collateral kills)
  A centaur warrior (D:13)
  A two-headed ogre (Bailey)
  An orc high priest (Orc:1)
  An obsidian statue (Gauntlet)
  2 deep elf archers
  Pikel (D:5)
  A deep elf zephyrmancer (Elf:1)
  3 elephants
  A troll (Orc:1)
  A hornet (Lair:1)
  2 blink frogs (Lair:5)
  A glass eye (shapeshifter) (D:13)
  3 slime creatures (D:14)
  2 yaks
  An ice beast (D:4)
  An orc warrior (D:12)
  2 ogres
  A wolf (Lair:4)
  A lemure (D:5)
  A howler monkey (D:5)
  2 hounds (D:5)
  2 orc priests (Orc:1)
  An adder (D:5)
  5 orcs
  A goblin (D:2)
39 creatures vanquished.

Vanquished Creatures (others)
  An eldritch tentacle (D:12)
  A deep elf annihilator (Elf:3)
  3 dancing weapons
  A skyshark (shapeshifter) (Elf:2)
  A deep elf archer (Elf:1)
  4 deep elf pyromancers
  An orc sorcerer (Orc:2)
  An elephant (Lair:4)
  A troll (D:14)
  A giant cockroach zombie (D:2)
15 creatures vanquished.

Grand Total: 816 creatures vanquished

Notes
Turn   | Place    | Note
-------+----------+-------------------------------------------
     0 | D:1      | mdmota the Djinni Chaos Knight began the quest for the Orb.
     0 | D:1      | Reached XP level 1. HP: 20/20 MP: 0/0
    95 | D:1      | XOM: divination: detect items
   112 | D:1      | XOM: divination: detect creatures
   207 | D:1      | Reached XP level 2. HP: 21/25 MP: 0/0
   407 | D:1      | XOM: silly message
  1005 | D:2      | Reached XP level 3. HP: 30/30 MP: 0/0
  1005 | D:2      | Learned a level 1 spell: Necrotise
  1021 | D:2      | XOM: divination: detect items
  1089 | D:2      | Found a sacrificial altar of Ru.
  1233 | D:2      | Found a faded altar of an unknown god.
  1233 | D:2      | Noticed a shining eye
  1235 | D:2      | Noticed a golden eye
  1236 | D:2      | Noticed an eye of devastation
  1236 | D:2      | Noticed a glass eye
  1571 | D:2      | Reached XP level 4. HP: 37/37 MP: 0/0
  1586 | D:2      | XOM: silly message
  1889 | D:3      | XOM: 3-stop teleportation journey
  1893 | D:3      | Found a stormy altar of Qazlal.
  1924 | D:3      | Noticed a phantom
  1939 | D:3      | XOM: confusion (+ monsters)
  1940 | D:4      | XOM: stealth player
  1940 | D:4      | Found a blossoming altar of Fedhas.
  1942 | D:4      | You are sucked into a shaft and drop 2 floors!
  1946 | D:6      | XOM: cast spell 'Cause Fear'
  1970 | D:5      | Entered Level 5 of the Dungeon
  2036 | D:6      | Reached XP level 5. HP: 37/41 MP: 0/0
  2036 | D:6      | Learned a level 2 spell: Blink
  2070 | D:5      | Found a staircase to the Ecumenical Temple.
  2079 | Temple   | Entered the Ecumenical Temple
  2134 | D:5      | XOM: silly message
  2139 | D:5      | Reached XP level 6. HP: 44/48 MP: 0/0
  2231 | D:5      | Noticed an ogre
  2238 | D:5      | Killed an ogre
  2262 | D:5      | Reached XP level 7. HP: 53/53 MP: 0/0
  2262 | D:5      | Learned a level 3 spell: Stone Arrow
  2309 | D:5      | Noticed Pikel
  2322 | D:5      | Killed Pikel
  2323 | D:5      | Reached skill level 5 in Fighting
  2323 | D:5      | Reached skill level 5 in Maces & Flails
  2323 | D:5      | Reached skill level 1 in Spellcasting
  2323 | D:5      | Reached skill level 1 in Conjurations
  2323 | D:5      | Reached skill level 1 in Hexes
  2323 | D:5      | Reached skill level 1 in Summonings
  2323 | D:5      | Reached skill level 1 in Necromancy
  2323 | D:5      | Reached skill level 1 in Translocations
  2323 | D:5      | Reached skill level 1 in Fire Magic
  2323 | D:5      | Reached skill level 1 in Ice Magic
  2323 | D:5      | Reached skill level 1 in Air Magic
  2323 | D:5      | Reached skill level 1 in Earth Magic
  2323 | D:5      | Reached skill level 1 in Alchemy
  2323 | D:5      | Reached XP level 8. HP: 59/59 MP: 0/0
  2587 | D:3      | XOM: cloud trail
  2601 | D:3      | Found an opulent altar of Gozag.
  3298 | D:4      | XOM: god gift: 31 gold pieces
  3315 | D:4      | XOM: give mutations
  3315 | D:4      | Gained mutation: You possess an exceptional clarity of
                  | mind. [Xom's grace]
  3315 | D:4      | Gained mutation: You are partially covered in large bone
                  | plates. (SH +4) [Xom's grace]
  3352 | D:4      | XOM: god gift: staff of fire
  3586 | D:5      | XOM: 2-stop teleportation journey
  3598 | D:5      | XOM: summons friendly crimson imp
  3694 | D:4      | XOM: summons friendly iron imp
  3872 | D:5      | Reached skill level 5 in Armour
  4104 | D:5      | XOM: confuse monster(s)
  4130 | D:5      | Reached XP level 9. HP: 66/66 MP: 0/0
  4130 | D:5      | Learned a level 3 spell: Dazzling Flash
  4402 | D:6      | Reached skill level 1 in Shields
  4522 | D:6      | XOM: summons 8 friendly demons
  4916 | D:6      | XOM: potion effect (attraction)
  5111 | D:7      | XOM: 4-stop teleportation journey
  5112 | D:7      | Noticed Jeremiah
  5119 | D:7      | Killed Jeremiah
  5128 | D:7      | Found a sand-covered staircase.
  5161 | Ossuary  | Entered an ossuary
  5161 | Ossuary  | Found a huge runed translucent gate.
  5161 | Ossuary  | Found a huge runed translucent gate.
  5161 | Ossuary  | Found a huge runed translucent gate.
  5161 | Ossuary  | Found a huge runed translucent gate.
  5161 | Ossuary  | Found a huge runed translucent gate.
  5161 | Ossuary  | Found a huge runed translucent gate.
  5161 | Ossuary  | Found a huge runed translucent gate.
  5161 | Ossuary  | Found a huge runed translucent gate.
  5165 | Ossuary  | Found a huge runed translucent gate.
  5165 | Ossuary  | Found a huge runed translucent gate.
  5165 | Ossuary  | Found a huge runed translucent gate.
  5166 | Ossuary  | Found a huge runed translucent gate.
  5166 | Ossuary  | Found a huge runed translucent gate.
  5169 | Ossuary  | Found a huge runed translucent gate.
  5169 | Ossuary  | Found a huge runed translucent gate.
  5195 | Ossuary  | Found a huge runed translucent gate.
  5195 | Ossuary  | Found a huge runed translucent gate.
  5195 | Ossuary  | Found a huge runed translucent gate.
  5195 | Ossuary  | Found a huge runed translucent gate.
  5195 | Ossuary  | Found a huge runed translucent gate.
  5196 | Ossuary  | Found a huge runed translucent gate.
  5196 | Ossuary  | Found a huge runed translucent gate.
  5198 | Ossuary  | Found a huge runed translucent gate.
  5198 | Ossuary  | Found a huge runed translucent gate.
  5199 | Ossuary  | Found a huge runed translucent gate.
  5199 | Ossuary  | Found a huge runed translucent gate.
  5200 | Ossuary  | Found a huge runed translucent gate.
  5200 | Ossuary  | Found a huge runed translucent gate.
  5223 | Ossuary  | XOM: enchant monster (good)
  5234 | Ossuary  | Found a huge runed translucent gate.
  5234 | Ossuary  | Found a huge runed translucent gate.
  5235 | Ossuary  | Found a huge runed translucent gate.
  5235 | Ossuary  | Found a huge runed translucent gate.
  5235 | Ossuary  | Found a huge runed translucent gate.
  5235 | Ossuary  | Found a huge runed translucent gate.
  5235 | Ossuary  | Found a huge runed translucent gate.
  5245 | Ossuary  | XOM: silly message
  5273 | Ossuary  | XOM: god gift: potion of curing
  5310 | Ossuary  | Reached skill level 1 in Evocations
  5373 | D:7      | XOM: 1-stop teleportation journey
  5466 | D:7      | XOM: smoke on damage
  5594 | D:6      | Noticed Dowan
  5595 | D:6      | Noticed Duvessa
  5629 | D:5      | Reached XP level 10. HP: 54/73 MP: 0/0
  5728 | D:7      | XOM: 3-stop teleportation journey
  6171 | D:7      | Found a glowing golden altar of the Shining One.
  6273 | D:7      | XOM: scenery: 2 doors open
  6275 | D:7      | XOM: divination: detect creatures
  6395 | D:7      | XOM: give mutations
  6395 | D:7      | Gained mutation: You are strong-willed. (Will+) [Xom's
                  | mischief]
  6435 | D:8      | XOM: 1-stop teleportation journey
  6665 | D:9      | Noticed Harold
  6698 | D:9      | XOM: give mutations
  6698 | D:9      | Gained mutation: Your body sometimes deteriorates upon
                  | taking damage. [Xom's mischief]
  6698 | D:9      | Lost mutation: You possess an exceptional clarity of mind.
                  | [Xom's mischief]
  6698 | D:9      | Gained mutation: You sometimes lose your temper in combat.
                  | [Xom's mischief]
  6698 | D:9      | Lost mutation: You sometimes lose your temper in combat.
                  | [Xom's mischief]
  6704 | D:9      | XOM: noise
  6760 | D:9      | Found a flagged portal.
  6870 | Bailey   | Entered a bailey
  6887 | Bailey   | Noticed a two-headed ogre
  6887 | Bailey   | Identified the +10 ice dragon scales of Lust {rPois rF-
                  | rC++}
  6887 | Bailey   | XOM: 7-stop teleportation journey
  6888 | Bailey   | Reached skill level 1 in Throwing
  6889 | Bailey   | XOM: 1-stop teleportation journey
  6924 | Bailey   | XOM: confusion
  7091 | Bailey   | XOM: give mutations
  7091 | Bailey   | Gained mutation: You are highly strong-willed. (Will++)
                  | [Xom's mischief]
  7091 | Bailey   | Gained mutation: Your body often deteriorates upon taking
                  | damage. [Xom's mischief]
  7231 | Bailey   | XOM: confusion (+ monsters)
  7238 | Bailey   | XOM: swap monsters
  7241 | Bailey   | XOM: blink monster(s)
  7266 | Bailey   | XOM: cast spell 'Animate Armour'
  7298 | Bailey   | XOM: divination: detect items
  7306 | Bailey   | XOM: summons 3 hostile shadow creatures
  7313 | Bailey   | Killed a two-headed ogre
  7315 | Bailey   | Reached XP level 11. HP: 23/79 MP: 0/0
  7315 | Bailey   | Learned a level 5 spell: Silence
  7617 | D:10     | Entered Level 10 of the Dungeon
  7642 | D:10     | XOM: scenery: 2 doors open
  7694 | D:9      | Noticed a two-headed ogre
  7702 | D:9      | XOM: scenery: 3 doors open, 1 doors close
  7710 | D:9      | Killed a two-headed ogre
  7839 | D:9      | Found a sparkling altar of Nemelex Xobeh.
  8039 | D:9      | Noticed Psyche
  8042 | D:9      | XOM: cast spell 'Metabolic Englaciation'
  8047 | D:9      | Killed Psyche
  8169 | D:9      | XOM: confuse monster(s)
  8177 | D:9      | Killed Harold
  8178 | D:9      | Reached skill level 1 in Stealth
  8312 | D:9      | XOM: give mutations
  8312 | D:9      | Gained mutation: You possess an exceptional clarity of
                  | mind. [Xom's mischief]
  8312 | D:9      | Gained mutation: You are extremely strong-willed. (Will+++)
                  | [Xom's mischief]
  8312 | D:9      | Gained mutation: Your mind is acute. (Int +4, Str/Dex -1)
                  | [Xom's mischief]
  8312 | D:9      | Gained mutation: You have hidden genetic potential. [Xom's
                  | mischief]
  8370 | D:9      | XOM: 3-stop teleportation journey
  8486 | D:8      | XOM: give mutations
  8486 | D:8      | Lost mutation: You possess an exceptional clarity of mind.
                  | [Xom's mischief]
  8486 | D:8      | Lost mutation: Your mind is acute. (Int +4, Str/Dex -1)
                  | [Xom's mischief]
  8486 | D:8      | Lost mutation: Your body often deteriorates upon taking
                  | damage. [Xom's mischief]
  8598 | D:8      | XOM: fog
  8680 | D:8      | Found a snail-covered altar of Cheibriados.
  8687 | D:8      | Found an iron altar of Okawaru.
  8690 | D:8      | Found a hide-covered altar of Uskayaw.
  8692 | D:8      | Found a glowing silver altar of Zin.
  8697 | D:8      | Found a shadowy altar of Dithmenos.
  9093 | D:8      | XOM: divination: detect items
  9208 | D:6      | XOM: silly message
  9716 | D:6      | Killed Duvessa
  9720 | D:6      | Killed Dowan
  9721 | D:6      | Found a basalt altar of Yredelemnul.
  9916 | D:6      | Found a broken altar of Ashenzari.
  9917 | D:6      | Found an ornate altar of the Wu Jian Council.
 10355 | D:10     | XOM: divination: detect creatures
 10358 | D:10     | XOM: confuse monster(s)
 10363 | D:10     | XOM: potion effect (haste)
 10370 | D:10     | XOM: cast spell 'Olgreb's Toxic Radiance'
 10415 | D:10     | Noticed a red ugly thing
 10420 | D:10     | Killed a red ugly thing
 10421 | D:10     | Reached XP level 12. HP: 86/86 MP: 0/0
 10528 | D:10     | XOM: 1-stop teleportation journey
 10823 | D:10     | XOM: summons 7 hostile demons
 10870 | D:9      | XOM: give mutations
 10870 | D:9      | Lost mutation: You are partially covered in large bone
                  | plates. (SH +4) [Xom's mischief]
 10870 | D:9      | Gained mutation: You are weak. (Str -2) [Xom's mischief]
 10870 | D:9      | Gained mutation: You occasionally lose the ability to read
                  | scrolls when taking damage. [Xom's mischief]
 11031 | D:9      | XOM: noise
 11035 | D:9      | XOM: noise
 11415 | D:11     | XOM: divination: detect creatures
 11569 | D:11     | Noticed Grum
 11575 | D:11     | XOM: divination: magic mapping
 11599 | D:11     | Killed Grum
 11600 | D:11     | Reached skill level 10 in Maces & Flails
 11600 | D:11     | Reached skill level 5 in Shields
 11768 | D:11     | Noticed a two-headed ogre
 11774 | D:11     | XOM: silly message
 11775 | D:11     | XOM: scenery: create altars
 11776 | D:11     | XOM: 6-stop teleportation journey
 11822 | D:12     | XOM: summons friendly shadow imp
 11831 | D:12     | Gained mutation: You have a pair of small horns on your
                  | head. [hidden potential]
 11935 | D:12     | Found a gate leading to a gauntlet.
 11964 | Gauntlet | Entered a Gauntlet
 11964 | Gauntlet | Found a transporter.
 11975 | Gauntlet | Found a transporter.
 11975 | Gauntlet | Found the +1 cloak of Starlight {*Dazzle EV+4 Stlth--}
 11990 | Gauntlet | Found a transporter.
 11995 | Gauntlet | Found a transporter.
 11999 | Gauntlet | Noticed a fire crab
 12010 | Gauntlet | Found a transporter.
 12029 | Gauntlet | Found a transporter.
 12031 | Gauntlet | Noticed a death drake
 12040 | Gauntlet | Noticed a catoblepas
 12041 | Gauntlet | Found a transporter.
 12046 | Gauntlet | Found a transporter.
 12063 | Gauntlet | Found a transporter.
 12068 | Gauntlet | Found a transporter.
 12072 | Gauntlet | Found a transporter.
 12100 | Gauntlet | Found a transporter.
 12137 | Gauntlet | Found a transporter.
 12142 | Gauntlet | Found a transporter.
 12144 | Gauntlet | Found a transporter.
 12146 | Gauntlet | Found a large runed translucent door.
 12146 | Gauntlet | Found a large runed translucent door.
 12147 | Gauntlet | Found a large runed translucent door.
 12147 | Gauntlet | Found a large runed translucent door.
 12168 | Gauntlet | Found a transporter.
 12169 | Gauntlet | Noticed a glowing orange brain
 12170 | Gauntlet | XOM: noise
 12171 | Gauntlet | Noticed a glowing orange brain
 12174 | Gauntlet | Found a transporter.
 12227 | Gauntlet | Found a transporter.
 12227 | Gauntlet | Noticed a death scarab
 12229 | Gauntlet | Found a runed translucent gate.
 12229 | Gauntlet | Found a runed translucent gate.
 12229 | Gauntlet | Found a runed translucent gate.
 12232 | Gauntlet | Found a large runed translucent door.
 12233 | Gauntlet | Found a large runed translucent door.
 12238 | Gauntlet | Found a large runed translucent door.
 12238 | Gauntlet | Found a large runed translucent door.
 12240 | Gauntlet | Found a large runed translucent door.
 12240 | Gauntlet | Found a large runed translucent door.
 12242 | Gauntlet | Found a large runed translucent door.
 12242 | Gauntlet | Found a large runed translucent door.
 12242 | Gauntlet | Found a runed translucent door.
 12242 | Gauntlet | Found a runed translucent door.
 12243 | Gauntlet | Found a large runed translucent door.
 12244 | Gauntlet | Found a large runed translucent door.
 12253 | Gauntlet | Found a large runed translucent door.
 12253 | Gauntlet | Found a large runed translucent door.
 12285 | Gauntlet | XOM: scenery: summon butterflies
 12288 | Gauntlet | XOM: divination: detect items
 12408 | Gauntlet | Killed a death scarab
 12409 | Gauntlet | Reached skill level 5 in Spellcasting
 12409 | Gauntlet | Reached skill level 5 in Conjurations
 12409 | Gauntlet | Reached skill level 5 in Hexes
 12409 | Gauntlet | Reached skill level 5 in Summonings
 12409 | Gauntlet | Reached skill level 5 in Necromancy
 12409 | Gauntlet | Reached skill level 5 in Translocations
 12409 | Gauntlet | Reached skill level 5 in Fire Magic
 12409 | Gauntlet | Reached skill level 5 in Ice Magic
 12409 | Gauntlet | Reached skill level 5 in Air Magic
 12409 | Gauntlet | Reached skill level 5 in Earth Magic
 12409 | Gauntlet | Reached skill level 5 in Alchemy
 12414 | Gauntlet | Reached skill level 5 in Dodging
 12450 | Gauntlet | Noticed a sun demon
 12451 | Gauntlet | Identified the ring of Due Proportion {Wiz rC+ MP+9 Str+3
                  | Int+4 Dex+2}
 12453 | Gauntlet | XOM: enchant monster (good)
 12522 | Gauntlet | Identified the +8 trident "Buxaumm" {flame, rPois}
 12522 | Gauntlet | Noticed a minotaur
 12524 | Gauntlet | XOM: confuse monster(s)
 12534 | Gauntlet | Killed a minotaur
 12583 | D:12     | Found Buxuezaxt's Armour Shoppe.
 12584 | D:12     | Found a staircase to the Orcish Mines.
 12593 | D:12     | XOM: potion effect (might)
 12597 | D:12     | XOM: cast spell 'Malign Gateway'
 12611 | D:12     | XOM: butterfly on damage
 12961 | D:11     | Reached XP level 13. HP: 93/93 MP: 0/0
 12961 | D:11     | Learned a level 5 spell: Curse of Agony
 12964 | D:11     | Found a staircase to the Lair.
 12972 | D:11     | XOM: summons 2 friendly demons
 13102 | D:11     | XOM: silly message
 13413 | D:11     | Noticed Snorg
 13414 | D:11     | XOM: fog
 13418 | D:11     | XOM: confuse monster(s)
 13428 | D:11     | HP: 4/93 [Snorg (17)]
 13436 | D:11     | Killed Snorg
 13704 | D:11     | Identified the +3 buckler of the Grand God {Int+4} (Xom
                  | gifted it to you on level 11 of the Dungeon)
 13704 | D:11     | XOM: god gift: +3 buckler of the Grand God {Int+4}
 13972 | D:12     | Noticed a centaur warrior
 13976 | D:12     | Killed a centaur warrior
 13988 | D:12     | Gained mutation: You are partially covered in iridescent
                  | scales. (AC +2) [hidden potential]
 13988 | D:12     | Lost mutation: You have hidden genetic potential. [hidden
                  | potential expressed]
 14099 | D:12     | Lost mutation: You are extremely strong-willed. (Will+++)
                  | [potion of mutation]
 14099 | D:12     | Lost mutation: You are weak. (Str -2) [potion of mutation]
 14099 | D:12     | Gained mutation: You are extremely strong-willed. (Will+++)
                  | [potion of mutation]
 14128 | D:12     | XOM: cleaving
 14246 | D:12     | XOM: god gift: staff of cold
 14559 | D:13     | XOM: scenery: create altars
 14598 | D:13     | Noticed an ice dragon
 14608 | D:13     | an ice dragon changed into a death drake
 14608 | D:13     | XOM: polymorph ice dragon -> death drake
 14635 | D:13     | Found a runed translucent gate.
 14635 | D:13     | Found a runed translucent gate.
 14635 | D:13     | Found a runed translucent gate.
 14660 | D:13     | Noticed a centaur warrior
 14665 | D:13     | XOM: summons 13 friendly demons
 14666 | D:13     | Killed a centaur warrior
 14707 | D:14     | Noticed a four-headed hydra
 14707 | D:14     | XOM: 8-stop teleportation journey
 14731 | D:14     | Noticed a centaur warrior
 14742 | D:13     | XOM: 1-stop teleportation journey
 14758 | D:13     | XOM: confuse monster(s)
 14888 | D:13     | XOM: divination: detect creatures
 14960 | D:13     | XOM: potion effect (might)
 15007 | D:13     | Found a runed translucent gate.
 15007 | D:13     | Found a runed translucent gate.
 15013 | D:13     | Noticed a cacodemon
 15015 | D:13     | Found a runed translucent gate.
 15015 | D:13     | Noticed Biscolet's ghost (journeyman OnWr)
 15017 | D:13     | a warg changed into an entropy weaver
 15017 | D:13     | Noticed an entropy weaver (shapeshifter)
 15025 | D:13     | a tengu changed into an entropy weaver
 15025 | D:13     | Noticed an entropy weaver (shapeshifter)
 15046 | D:14     | Noticed a vault guard
 15046 | D:14     | Noticed an entropy weaver
 15047 | D:14     | XOM: potion effect (brilliance)
 15048 | D:14     | XOM: divine lightning
 15065 | D:14     | XOM: smoke on damage
 15068 | D:14     | XOM: enchant monster (good)
 15069 | D:14     | XOM: confusion (+ monsters)
 15073 | D:14     | XOM: destruction
 15100 | D:13     | XOM: god gift: scroll of fear
 15106 | D:13     | Killed a four-headed hydra
 15236 | D:13     | XOM: scenery: create altars
 15337 | D:13     | XOM: noise
 15570 | D:13     | XOM: summons 13 friendly demons
 15573 | D:13     | XOM: smoke on damage
 15650 | D:13     | Noticed an entropy weaver
 15975 | D:14     | XOM: enchant monster (good)
 15977 | D:14     | Killed a vault guard
 15978 | D:14     | Reached XP level 14. HP: 70/101 MP: 0/0
 16022 | D:14     | XOM: 4-stop teleportation journey
 16233 | D:14     | Reached skill level 10 in Armour
 16277 | D:14     | XOM: scenery: summon butterflies
 16283 | D:14     | XOM: silly message
 16291 | D:14     | XOM: confuse monster(s)
 16427 | D:14     | XOM: cast spell 'Summon Dragon'
 16431 | D:14     | XOM: butterfly on damage
 16576 | D:14     | Found a gate to the Vaults.
 16804 | D:15     | Entered Level 15 of the Dungeon
 16870 | D:14     | XOM: god gift: wand of paralysis (6)
 16965 | D:13     | XOM: give mutations
 16965 | D:13     | Gained mutation: You are weak. (Str -2) [Xom's mischief]
 16965 | D:13     | Gained mutation: Your movements are slightly less
                  | encumbered by armour. (ER -2) [Xom's mischief]
 17058 | Lair:1   | Entered Level 1 of the Lair of Beasts
 17063 | Lair:1   | XOM: destruction
 17064 | Lair:1   | XOM: divination: detect creatures
 17208 | Lair:1   | XOM: god gift: +1 crystal plate armour
 17210 | Lair:1   | XOM: summons 11 friendly demons
 17346 | Lair:1   | XOM: snakes to sticks
 17508 | Lair:1   | Reached skill level 10 in Fighting
 17675 | Lair:1   | XOM: cast spell 'Summon Hydra'
 17706 | Lair:1   | Identified the +3 ring mail of Brilliance {MP+9 Stlth+}
 17710 | Lair:1   | XOM: god gift: pair of gloves {god gift}
 17713 | Lair:1   | XOM: give mutations
 17713 | Lair:1   | Gained mutation: Your mind is acute. (Int +4, Str/Dex -1)
                  | [Xom's grace]
 17713 | Lair:1   | Gained mutation: You are agile. (Dex +4, Str/Int -1) [Xom's
                  | grace]
 17839 | Lair:1   | XOM: 3-stop teleportation journey
 17870 | Lair:1   | XOM: polymorph cane toad -> moth of wrath
 17895 | Lair:1   | XOM: god gift: 8 stones
 18058 | Lair:2   | XOM: stealth player
 18108 | Lair:2   | XOM: noise
 18132 | Lair:2   | XOM: give mutations
 18132 | Lair:2   | Lost mutation: Your mind is acute. (Int +4, Str/Dex -1)
                  | [Xom's mischief]
 18132 | Lair:2   | Lost mutation: You have a pair of small horns on your head.
                  | [Xom's mischief]
 18132 | Lair:2   | Lost mutation: You are agile. (Dex +4, Str/Int -1) [Xom's
                  | mischief]
 18132 | Lair:2   | Lost mutation: Your movements are slightly less encumbered
                  | by armour. (ER -2) [Xom's mischief]
 18133 | Lair:2   | Lost mutation: You occasionally lose the ability to read
                  | scrolls when taking damage. [potion of mutation]
 18133 | Lair:2   | Lost mutation: You are partially covered in iridescent
                  | scales. (AC +2) [potion of mutation]
 18133 | Lair:2   | Lost mutation: You are extremely strong-willed. (Will+++)
                  | [potion of mutation]
 18133 | Lair:2   | Lost mutation: Your body sometimes deteriorates upon taking
                  | damage. [potion of mutation]
 18133 | Lair:2   | Lost mutation: You are weak. (Str -2) [potion of mutation]
 18133 | Lair:2   | Gained mutation: Your flesh is almost immune to the effects
                  | of heat. (rF+++) [potion of mutation]
 18303 | Lair:2   | Noticed Urug
 18321 | Lair:2   | Killed Urug
 18492 | Lair:2   | Found a runed translucent gate.
 18493 | Lair:2   | Found a runed translucent gate.
 18494 | Lair:2   | Found a runed translucent gate.
 18496 | Lair:2   | Noticed Huxoxzufuz's ghost (journeyman GnFi)
 18747 | Lair:2   | XOM: summons 7 hostile demons
 19195 | Lair:3   | XOM: enchant monster (good)
 19263 | Lair:3   | XOM: polymorph scorpion -> hobgoblin
 19265 | Lair:3   | Found a hole to the Spider Nest.
 19412 | Lair:3   | XOM: enchant monster (bad)
 19550 | Lair:3   | Noticed Kirke
 19551 | Lair:3   | Reached XP level 15. HP: 82/109 MP: 0/0
 19551 | Lair:3   | Learned a level 6 spell: Summon Cactus Giant
 19565 | Lair:4   | XOM: fake destruction
 19586 | Lair:5   | Entered Level 5 of the Lair of Beasts
 19632 | Lair:3   | XOM: confuse monster(s)
 19766 | Lair:4   | XOM: divine lightning
 19767 | Lair:4   | Reached skill level 10 in Shields
 19785 | Lair:4   | XOM: summons 3 friendly demons
 19826 | Lair:3   | Noticed Gastronok
 19826 | Lair:3   | Found a staircase to the Shoals.
 19836 | Lair:3   | Killed Gastronok
 19841 | Lair:3   | XOM: enchant monster (good)
 19842 | Lair:3   | XOM: summons friendly white imp
 19854 | Lair:4   | XOM: give mutations
 19854 | Lair:4   | Gained mutation: You possess an exceptional clarity of
                  | mind. [Xom's grace]
 19854 | Lair:4   | Gained mutation: You are partially covered in iridescent
                  | scales. (AC +2) [Xom's grace]
 20052 | Lair:4   | XOM: 2-stop teleportation journey
 20264 | Lair:4   | XOM: summons friendly white imp
 20266 | Lair:4   | XOM: blink monster(s)
 20539 | Lair:4   | XOM: destruction
 20554 | Lair:4   | Killed Kirke
 20727 | Lair:5   | XOM: potion effect (might)
 20745 | Lair:5   | Found a staircase to the Slime Pits.
 20901 | Lair:5   | XOM: 1-stop teleportation journey
 20979 | Lair:5   | XOM: cast spell 'Monstrous Menagerie'
 21113 | Lair:5   | XOM: god gift: runed scimitar {god gift}
 21254 | Lair:5   | XOM: confuse monster(s)
 21262 | Lair:5   | XOM: blink monster(s)
 21511 | Lair:5   | XOM: 4-stop teleportation journey
 21539 | Lair:5   | XOM: confuse monster(s)
 21648 | Lair:5   | XOM: polymorph death yak -> snapping turtle
 21797 | Lair:5   | XOM: blink monster(s)
 21804 | Lair:5   | XOM: potion effect (berserk rage)
 22159 | Lair:3   | XOM: 6-stop teleportation journey
 22164 | Lair:3   | XOM: scenery: summon butterflies
 22183 | Lair:3   | Found a transporter.
 22357 | Lair:3   | Found a transporter.
 22420 | Lair:3   | XOM: cloud trail
 22479 | Lair:3   | XOM: confuse monster(s)
 22484 | Lair:3   | XOM: summons friendly white imp
 22487 | Lair:3   | XOM: divination: magic mapping
 22494 | Lair:3   | Reached XP level 16. HP: 110/118 MP: 0/0
 22564 | Lair:2   | XOM: polymorph 13-headed hydra -> shapeshifter
 22576 | Lair:3   | XOM: divine lightning
 22579 | Lair:3   | XOM: smoke on damage
 22582 | Lair:3   | XOM: summons 6 friendly demons
 22598 | Lair:3   | Killed Huxoxzufuz's ghost
 22619 | Lair:3   | XOM: polymorph 11-headed hydra -> skyshark
 22784 | Lair:3   | XOM: give mutations
 22784 | Lair:3   | Gained mutation: You are robust. (+10% HP) [Xom's grace]
 22784 | Lair:3   | Gained mutation: You have a pair of small horns on your
                  | head. [Xom's grace]
 22784 | Lair:3   | Gained mutation: Your muscles are strong. (Str +4, Int/Dex
                  | -1) [Xom's grace]
 22865 | Lair:3   | XOM: give mutation
 22865 | Lair:3   | Gained mutation: You have very sharp teeth. [Xom's grace]
 22897 | Lair:2   | Identified the +10 broad axe "Horucku" {vamp, rElec Will++
                  | rCorr Int-2}
 23023 | Orc:1    | Entered Level 1 of the Orcish Mines
 23140 | Orc:1    | XOM: silly message
 23179 | Orc:1    | Found a burning altar of Makhleb.
 23264 | Orc:2    | Entered Level 2 of the Orcish Mines
 23264 | Orc:2    | Noticed Erolcha
 23459 | Orc:1    | XOM: give mutations
 23459 | Orc:1    | Gained mutation: You are covered in fur. (AC +1) [Xom's
                  | grace]
 23459 | Orc:1    | Gained mutation: You have hidden genetic potential. [Xom's
                  | grace]
 23459 | Orc:1    | Gained mutation: You are mostly covered in iridescent
                  | scales. (AC +4) [Xom's grace]
 23507 | Orc:1    | Noticed Sonja
 23513 | Orc:1    | Killed Sonja
 23694 | Orc:2    | Found a staircase to the Elven Halls.
 23715 | Orc:1    | Killed Erolcha
 24169 | Orc:1    | XOM: cloud trail
 24541 | Orc:2    | XOM: noise
 24545 | Orc:2    | Reached skill level 1 in Axes
 24619 | Orc:2    | Found Kuucs's Assorted Antiques.
 24619 | Orc:2    | XOM: polymorph orc knight -> boulder beetle
 24628 | Orc:2    | XOM: polymorph boulder beetle -> five-headed hydra
 24631 | Orc:2    | XOM: 3-stop teleportation journey
 24654 | Orc:2    | XOM: 8-stop teleportation journey
 24909 | Orc:2    | XOM: chaos cloud
 24911 | Orc:2    | XOM: cleaving
 25119 | Orc:2    | Found Dakokim's Distillery.
 25125 | Orc:2    | Found Korocay's Antique Armour Emporium.
 25127 | Orc:2    | Found Juezush's General Store.
 25163 | Orc:2    | Bought a potion of heal wounds for 155 gold pieces
 25163 | Orc:2    | Bought a pair of glowing gloves for 232 gold pieces
 25163 | Orc:2    | Bought a scroll of teleportation for 93 gold pieces
 25165 | Orc:2    | Bought a potion of might for 72 gold pieces
 25165 | Orc:2    | Bought a potion of ambrosia for 144 gold pieces
 25165 | Orc:2    | Bought a potion of haste for 180 gold pieces
 25165 | Orc:2    | Bought a potion of curing for 54 gold pieces
 25191 | Orc:2    | Bought a potion of might for 56 gold pieces
 25517 | D:15     | Found a staircase to the Depths.
 25521 | D:15     | XOM: summons friendly crimson imp
 25570 | D:15     | XOM: fog
 25672 | D:15     | XOM: 7-stop teleportation journey
 25918 | D:15     | XOM: god gift: potion of curing
 26063 | Depths:1 | Entered Level 1 of the Depths
 26076 | Depths:1 | XOM: cast spell 'Fugue of the Fallen'
 26188 | Elf:1    | Entered Level 1 of the Elven Halls
 26191 | Elf:1    | XOM: cleaving
 26201 | Orc:2    | Paralysed by an air elemental for 1 turns
 26210 | Elf:1    | XOM: god gift: plate armour {god gift}
 26279 | Elf:1    | Identified a scroll of acquirement
 26293 | Elf:1    | XOM: fog
 26301 | Elf:1    | XOM: divine lightning
 26311 | Elf:1    | XOM: silly message
 26352 | Elf:1    | Noticed an Executioner
 26352 | Elf:1    | XOM: cast spell 'Death Channel'
 26357 | Elf:1    | XOM: smoke on damage
 26466 | Orc:2    | XOM: cloud trail
 26492 | Elf:1    | Noticed a Hell Sentinel
 26589 | Elf:1    | Identified the +6 quarterstaff of the Poles {flame, Int+8}
 26591 | Elf:1    | XOM: god gift: thick glowing staff {god gift}
 26608 | Elf:1    | XOM: summons 8 friendly demons
 26685 | Elf:1    | Reached XP level 17. HP: 137/137 MP: 0/0
 26685 | Elf:1    | Learned a level 7 spell: Malign Gateway
 26689 | Elf:1    | XOM: confuse monster(s)
 26750 | Elf:1    | XOM: divine lightning
 26754 | Elf:1    | XOM: enchant monster (good)
 26771 | Elf:1    | Gained mutation: You are covered in thick fur. (AC +2)
                  | [hidden potential]
 26819 | Elf:1    | XOM: polymorph deep elf pyromancer -> shapeshifter
 26833 | Elf:1    | XOM: potion effect (brilliance)
 26876 | Elf:1    | XOM: noise
 27285 | Elf:2    | Found a transporter.
 27297 | Elf:2    | Reached skill level 5 in Axes
 27310 | Elf:2    | XOM: cast spell 'Fugue of the Fallen'
 27311 | Elf:2    | XOM: scenery: summon butterflies
 27316 | Elf:2    | XOM: enchant monster (bad)
 27318 | Elf:2    | XOM: summons friendly iron imp
 27548 | Elf:2    | Found a transporter.
 27682 | Elf:2    | Found a transporter.
 27702 | Elf:2    | Found a transporter.
 27710 | Elf:2    | Found a transporter.
 27711 | Elf:2    | Found a transporter.
 27719 | Elf:2    | XOM: repel stairs
 27827 | Elf:2    | Found a runed translucent gate.
 27827 | Elf:2    | Found a runed translucent gate.
 27827 | Elf:2    | Found a runed translucent gate.
 27862 | Elf:3    | Entered Level 3 of the Elven Halls
 27966 | Elf:3    | XOM: divination: magic mapping
 27977 | Elf:3    | Noticed a deep elf blademaster
 27977 | Elf:3    | Identified the ring "Enyqaox" {rF+ rC+ AC+4}
 27977 | Elf:3    | XOM: 5-stop teleportation journey
 27980 | Elf:3    | XOM: potion effect (curing)
 27993 | Elf:3    | XOM: silly message
 28007 | Elf:3    | Noticed an Ice Fiend
 28007 | Elf:3    | XOM: noise
 28008 | Elf:3    | Noticed a Brimstone Fiend
 28015 | Elf:3    | XOM: summons 2 hostile shadow creatures
 28039 | Elf:3    | a deep elf blademaster changed into a quicksilver ooze
 28039 | Elf:3    | XOM: polymorph deep elf blademaster -> quicksilver ooze
 28270 | Elf:3    | Identified the +0 robe "Jukof" {rN+ Str+2 Int-2}
 28278 | Elf:3    | Noticed Nikola
 28287 | Elf:3    | Noticed a deep elf master archer
 28287 | Elf:3    | XOM: 3-stop teleportation journey
 28294 | Elf:3    | Paralysed by an air elemental for 1 turns
 28298 | Elf:3    | Paralysed by an air elemental for 1 turns
 28300 | Elf:3    | Paralysed by an air elemental for 1 turns
 28398 | Elf:3    | XOM: fog
 28398 | Elf:3    | XOM: butterfly on damage
 28415 | Elf:3    | XOM: scenery: create altars
 28419 | Elf:3    | Killed Nikola
 28634 | Elf:3    | XOM: fog
 28740 | Elf:3    | XOM: scenery: create altars
 28868 | Elf:3    | XOM: god gift: rapier {god gift}
 28934 | Elf:3    | XOM: cleaving
 28949 | Elf:3    | Reached XP level 18. HP: 148/148 MP: 0/0
 28969 | Elf:3    | XOM: 1-stop teleportation journey
 29026 | Elf:3    | XOM: fake destruction
 29042 | Elf:3    | XOM: noise
 29062 | Elf:3    | Gained mutation: Your mind is acute. (Int +4, Str/Dex -1)
                  | [hidden potential]
 29062 | Elf:3    | Lost mutation: You have hidden genetic potential. [hidden
                  | potential expressed]
 29203 | Elf:3    | XOM: silly message
 29241 | Elf:3    | Killed a deep elf master archer
 29270 | Elf:3    | XOM: noise
 29360 | Elf:3    | Identified the +4 plate armour of Ethics {rF- rN++ Str+2}
 29448 | Elf:3    | Noticed a deep elf blademaster
 29452 | Elf:3    | XOM: cast spell 'Iskenderun's Battlesphere'
 29471 | Elf:3    | Killed a deep elf blademaster
 29481 | Elf:3    | Identified the +0 robe of Dice, Bag, and Bottle {Int+2
                  | Dex+2}
 29507 | Elf:3    | Identified the amulet "Tevuohem" {Reflect Int-5 Dex+3 SH+5}
 29516 | Elf:3    | Identified the +3 short sword "Weduelia" {flame, rElec
                  | Int+2}
 29519 | Elf:3    | Identified the +1 ring mail of Yredd {Harm Will- Str+4}
 29594 | Elf:3    | XOM: fake destruction
 29629 | Elf:3    | Noticed a deep elf master archer
 29631 | Elf:3    | Killed a deep elf master archer
 29658 | Elf:3    | Identified the staff "Nuraetea" {rF+ rC+ Dex+3 Ice}
 29857 | Elf:3    | XOM: scenery: create altars
 29894 | Elf:2    | XOM: fog
 29905 | Elf:2    | XOM: polymorph deep elf pyromancer -> shapeshifter
 29909 | Elf:2    | XOM: summons friendly crimson imp
 30464 | Elf:2    | Noticed Asterion
 30506 | Elf:2    | XOM: 4-stop teleportation journey
 30513 | Elf:2    | XOM: silly message
 30529 | Elf:2    | Noticed an Executioner
 30534 | Elf:2    | HP: 10/223 [Executioner[Asterion] (11)]
 30534 | Elf:2    | Slain by a +5 lajatang of holy wrath

Illustrated notes

Levels and vault maps discovered:
D:1:      nzn_arrival_depleted_hourglass, layout_basic,
          dreamdust_princess_corridor, feat_on_display
D:2:      layout_rooms, hellmonk_ecumenical_altar_watching_god, basic_altar,
          minmay_increasing_density
D:3:      layout_rooms, grunt_gozag_breadcrumbs,
          nicolae_qazlal_general_emergency
D:4:      layout_loops_ring, fedhas_altar_1, minmay_misc_feat_roman
D:5:      layout_loops_ring, minmay_temple_entry_waves, minmay_ruined_shrine,
          uniq_pikel
D:6:      layout_loops_corners, minitemple, mainiacjoe_overflow_paths,
          kennysheep_pointless_box, nicolae_grassy_gnolls, uniq_duvessa
D:7:      layout_gridville, mainiacjoe_overflow_surrounded_room,
          enter_ossuary_1, minmay_between, uniq_jeremiah
D:8:      layout_cave_pods, nicolae_overflow_hallway_of_the_gods,
          eino_small_chamber_without_monster, palyth_stone_intersect
D:9:      layout_stronghold, mainiacjoe_overflow_chevrons, enter_bailey_4,
          centaur_isle, uniq_harold, uniq_psyche
D:10:     layout_roguey
D:11:     layout_loops_corners, david_lair_shrubbed, kennysheep_generic_room_6,
          uniq_grum, uniq_snorg
D:12:     layout_loops_cross, orc_david_3, gauntlet_entry_generic
D:13:     layout_long_grid, ploomutoo_gammafunk_ghost_potion_laboratory
D:14:     layout_loops_ring, david_vaults_5, corexii_corridor_pit,
          nicolae_elevator_lobby_asterisk
D:15:     gammafunk_depths_entry_grave, layout_cave_pools, dk_noncrumbling_3
Temple:   hellmonk_temple_forest_ring
Lair:1:   layout_gridlike, dreamdust_wasp_nest, lemuel_fruit_fields
Lair:2:   layout_regular_city, gammafunk_ghost_hydra_chop, uniq_urug
Lair:3:   gammafunk_cloud_chamber, layout_big_grid, minmay_shoals_entry_beasts,
          nicolae_spider_entry_lesser_pyramids, fungi_pond_lemuel,
          chequers_serial_rivers_micro_c, st_stairs_4, uniq_gastronok,
          uniq_kirke
Lair:4:   layout_roguey, beast_lair_carwin_6
Lair:5:   grunt_lair_end_beastmaster, layout_regular_city,
          nicolae_slime_entry_field_trip
Orc:1:    layout_caves, regret_index_minedec_devilstone, bloody_makhleb,
          uniq_sonja
Orc:2:    st_orc_elflike, layout_diamond_mine, basic_altar,
          nicolae_orc_seminary, uniq_erolcha
Elf:1:    nicolae_elf_arrival_aired_out, layout_loops_cross,
          nicolae_elf_crossing_hall
Elf:2:    nicolae_elf_blades_splatter_lattice [mumra_blade_entry_dagger],
          layout_loops_ring, serial_nicolae_subway, nicolae_sub_station_metal,
          nicolae_sub_station_stone, nicolae_sub_station_crystal, uniq_asterion
Elf:3:    elf_hall_gauntlet_narrow, layout_loops_corners,
          amcnicky_mini_rare_corridor_liquid, uniq_nikola
Depths:1: layout_basic, hell_entry, elyvilon_altar_4, grunt_megastairs_2,
          roderic_lattice_octagonal_star

Skill      XL: |  1  2  3  4  5  6  7  8  9 10 11 12 13 14 15 16 17 18 |
---------------+-------------------------------------------------------+-----
Maces & Flails | 3 4 5 6 7 8 9 10 11 12 | 12.8
Fighting       | 4 5 6 7 8 9 10 11 12 14 | 14.5
Armour         | 2 3 4 5 6 7 8 9 10 11 | 11.0
Spellcasting   | 1 2 3 4 5 6 7 8 9 |  9.7
Conjurations   | 1 2 3 4 5 6 7 8 9 |  9.7
Hexes          | 1 2 3 4 5 6 7 8 9 |  9.7
Summonings     | 1 2 3 4 5 6 7 8 9 |  9.7
Necromancy     | 1 2 3 4 5 6 7 8 9 |  9.7
Translocations | 1 2 3 4 5 6 7 8 9 |  9.7
Fire Magic     | 1 2 3 4 5 6 7 8 9 |  9.7
Ice Magic      | 1 2 3 4 5 6 7 8 9 |  9.7
Air Magic      | 1 2 3 4 5 6 7 8 9 |  9.7
Earth Magic    | 1 2 3 4 5 6 7 8 9 |  9.7
Alchemy        | 1 2 3 4 5 6 7 8 9 |  9.7
Shields        | 1 2 3 6 8 9 11 12 13 14 | 14.0
Evocations     | 1 2 |  2.1
Throwing       | 2 3 |  3.7
Dodging        | 4 5 6 7 8 9 |  9.1
Stealth        | 1 2 3 4 |  4.0
Axes           | 4 6 7 |  7.5

Action                     |  1- 3 |  4- 6 |  7- 9 | 10-12 | 13-15 | 16-18 || total
---------------------------+-------+-------+-------+-------+-------+-------++-------
  Melee: Mace              |   111 |    61 |       |       |       |       ||   172
         Flail             |       |    55 |   454 |   582 |  1010 |   106 ||  2207
         Punch             |       |     1 |    11 |     7 |       |       ||    19
         Headbutt          |       |       |       |    14 |   106 |   205 ||   325
         Broad axe         |       |       |       |       |       |   873 ||   873
         Bite              |       |       |       |       |       |   109 ||   109
  Throw: Throwing net      |       |       |     1 |       |       |       ||     1
         Dart              |       |       |     8 |    12 |       |       ||    20
         Boomerang         |       |       |       |    46 |    22 |     5 ||    73
         Javelin           |       |       |       |     5 |       |       ||     5
   Cast: Stone Arrow       |       |       |       |     3 |    56 |    61 ||   120
         Dazzling Flash    |       |       |       |       |     5 |     3 ||     8
         Blink             |       |       |       |       |     3 |     6 ||     9
         Silence           |       |       |       |       |     2 |     4 ||     6
         Curse of Agony    |       |       |       |       |     1 |     3 ||     4
         Summon Cactus Gia |       |       |       |       |       |     1 ||     1
  Evoke: Wand              |       |       |    16 |     8 |       |     3 ||    27
    Use: Scroll            |       |       |    12 |    12 |     7 |     6 ||    37
         Potion            |       |       |     3 |     4 |     5 |     3 ||    15
   Stab: Petrifying        |     1 |       |       |       |       |     1 ||     2
         Confused          |       |       |     1 |     3 |     6 |     2 ||    12
         Sleeping          |       |       |       |     1 |       |       ||     1
         Distracted        |       |       |       |     1 |     8 |     3 ||    12
         Invisible         |       |       |       |       |     4 |       ||     4
         Petrified         |       |       |       |       |       |     1 ||     1
 Armour: Leather armour    |    32 |       |       |       |       |       ||    32
         Plate armour      |    83 |   114 |   362 |   172 |       |       ||   731
         Ice dragon scales |       |       |       |   373 |   865 |   863 ||  2101
  Dodge: Dodged            |    33 |    54 |   169 |   393 |   532 |   386 ||  1567
         Repelled          |       |       |       |       |       |    26 ||    26
  Block: Other             |       |       |    59 |    81 |       |       ||   140
         Buckler           |       |       |       |   115 |  1026 |   386 ||  1527
         Tower shield      |       |       |       |   169 |       |  1107 ||  1276
         Reflection        |       |       |       |    18 |    21 |   113 ||   152
